 Dungeon Crawl Stone Soup version 0.27-a0-860-gaf99fae3ca (webtiles) character file.

Game seed: 17780253878999403048

154198 rageheart7 the Hand of Fortune (level 17, -3/157 HPs)
             Began as a Deep Dwarf Earth Elementalist on Mar 31, 2021.
             Was the Champion of Nemelex Xobeh.
             Engulfed by a death drake's foul pestilence (8 damage)
             ... on level 4 of the Swamp on Apr 1, 2021.
             The game lasted 02:34:59 (46268 turns).

rageheart7 the Hand of Fortune (DDEE)              Turns: 46268, Time: 02:34:59

Health: -3/157     AC: 25    Str: 20    XL:     17   Next: 6%
Magic:  6/23 (14)  EV: 19    Int: 30    God:    Nemelex Xobeh [******]
Gold:   721        SH:  0    Dex: 13    Spells: 17/40 levels left

rFire    + + .     SeeInvis .   J - +7 rapier of Ru's Anger {elec, rElec rPois rF+ Str+4}
rCold    + . .     Faith    +   (no shield)
rNeg     + + .     Spirit   .   N - +9 ring mail of Undesirable Species {Int+2}
rPois    +         Reflect  .   F - +2 hat
rElec    +         Harm     .   k - +1 cloak
rCorr    .         Rampage  .   Q - +2 pair of gloves {Str+3}
Will     ++...                  v - +0 pair of boots
Stlth    +.........             M - amulet of Inolil {Faith rElec rF+}
HPRegen  0.00/turn              V - ring "Cuamam" {rElec MP+9 EV+4}
MPRegen  0.18/turn              T - ring of Thoughtfulness {+Blink rN+ Int+6}

@: about to teleport, non-regenerating, slowed, very slow
A: damage resistance, heal wounds, negative energy resistance 1, sense
surroundings 2, no regeneration, horns 1, cold resistance 1
a: Heal Wounds, Renounce Religion, Evoke Blink, Draw Escape, Draw Destruction,
Draw Summoning, Triple Draw, Deal Four, Stack Five


You were on level 4 of the Swamp.
You worshipped Nemelex Xobeh.
Nemelex Xobeh was exalted by your worship.
You visited 5 branches of the dungeon, and saw 28 of its levels.
You also visited: Ice Cave and Volcano.

You collected 4101 gold pieces.
You spent 3380 gold pieces at shops.

Inventory:

Hand Weapons
 I - the +1 dagger of Annihilation {flame, rElec rN+++ Int+7 SInv}
   (You bought it in a shop on level 10 of the Dungeon)

   It has been specially enchanted to burn those struck by it, causing extra
   injury to most foes and up to half again as much damage against particularly
   susceptible opponents.
   It affects your intelligence (+7).
   It insulates you from electricity.
   It renders you almost immune to negative energy.
   It lets you see invisible.
 J - the +7 rapier of Ru's Anger (weapon) {elec, rElec rPois rF+ Str+4}
   (You found it on level 10 of the Dungeon)

   Occasionally, upon striking a foe, it can discharge electrical energy and
   cause terrible harm.
   It affects your strength (+4).
   It protects you from fire.
   It insulates you from electricity.
   It protects you from poison.
Missiles
 b - 221 stones
Armour
 c - a +2 kite shield of fire resistance
 k - a +1 cloak (worn)
 n - a +5 kite shield of reflection
 v - a +0 pair of boots (worn)
 F - a +2 hat (worn)
 K - +0 swamp dragon scales
 N - the +9 ring mail of Undesirable Species (worn) {Int+2}
   (You found it on level 3 of the Lair of Beasts)

   It affects your intelligence (+2).
 Q - a +2 pair of gloves of strength (worn)
 W - a +3 plate armour of cold resistance
Magical Staves
 G - a staff of cold
Jewellery
 p - a +6 ring of intelligence
 r - a +6 ring of intelligence
 w - a ring of poison resistance
 z - a ring of resist corrosion
 B - a ring of willpower
 D - a +4 ring of protection
 E - an amulet of reflection
 M - the amulet of Inolil (around neck) {Faith rElec rF+}
   (You found it in an ice cave)

   [amulet of faith]

   It allows you to gain divine favour quickly.
   It protects you from fire.
   It insulates you from electricity.
 T - the ring of Thoughtfulness (right hand) {+Blink rN+ Int+6}
   (You bought it in a shop on level 2 of the Orcish Mines)

   [ring of intelligence]

   It affects your intelligence (+6).
   It protects you from negative energy.
   It lets you blink.
 V - the ring "Cuamam" (left hand) {rElec MP+9 EV+4}
   (You bought it in a shop on level 2 of the Orcish Mines)

   [ring of evasion]

   It affects your evasion (+4).
   It insulates you from electricity.
   It affects your magic capacity (+9).
Wands
 a - a wand of mindburst (6)
 q - a wand of flame (57)
 x - a wand of polymorph (20)
 A - a wand of iceblast (17)
 L - a wand of charming (18)
 R - a wand of acid (5)
Scrolls
 l - 7 scrolls of identify
 m - 5 scrolls of teleportation
 o - a scroll of enchant armour
 s - 4 scrolls of fog
 y - 2 scrolls of magic mapping
 S - 2 scrolls of amnesia
Potions
 d - 3 potions of might
 f - 6 potions of lignification
 g - a potion of flight
 h - 3 potions of cancellation
 i - 4 potions of haste
 j - 2 potions of invisibility
 u - 6 potions of mutation
 C - 3 potions of brilliance
 O - 2 potions of berserk rage
 P - a potion of resistance
Miscellaneous
 t - a lightning rod (4/4)
 U - a condenser vane


   Skills:
 * Level 11.2 Fighting
 - Level 10.0 Armour
 - Level 10.0 Dodging
 - Level 2.4 Stealth
 * Level 6.4 Shields
 * Level 12.1 Spellcasting
 * Level 12.4 Conjurations
 - Level 0.8 Transmutations
 - Level 15.1 Earth Magic
 - Level 15.1 Invocations


You had 17 spell levels left.
You knew the following spells:

 Your Spells              Type           Power      Damage    Failure   Level
a - Sandblast             Erth           100%       2d20      0%          1
b - Stone Arrow           Conj/Erth      100%       3d13      1%          3
d - Lee's Rapid Deconstr  Erth           41%        3d21*     1%          5
e - Petrify               Tmut/Erth      60%        N/A       1%          4
f - Iron Shot             Conj/Erth      39%        9d8       2%          6
g - Iskenderun's Mystic   Conj/Tloc      53%        2d11      3%          4

Your spell library contained the following spells:

 Spells                   Type           Power      Damage    Failure   Level
 Foxfire                  Conj/Fire      100%       2x1d9     1%          1
 Magic Dart               Conj           100%       1d8       1%          1
 Shock                    Conj/Air       100%       1d9       1%          1
 Passwall                 Tmut/Erth      50%        N/A       1%          2
 Conjure Flame            Conj/Fire      53%        6-21      1%          3
 Mephitic Cloud           Conj/Pois/Air  43%        N/A       2%          3
 Beastly Appendage        Tmut           46%        N/A       3%          1
 Fulminant Prism          Conj/Hex       26%        3d14      3%          4
 Animate Skeleton         Necr           36%        N/A       4%          1
 Apportation              Tloc           36%        N/A       4%          1
 Corona                   Hex            20%        N/A       4%          1
 Freeze                   Ice            72%        1d9       4%          1
 Summon Small Mammal      Summ           72%        N/A       4%          1
 Wereblood                Tmut           23%        N/A       4%          2
 Blink                    Tloc           N/A        N/A       6%          2
 Call Imp                 Summ           18%        N/A       6%          2
 Slow                     Hex            18%        N/A       6%          2
 Fireball                 Conj/Fire      26%        3d12      10%         5
 Spider Form              Tmut/Pois      10%        N/A       11%         3
 Ignite Poison            Fire/Tmut/Pois 19%        N/A       12%         3
 Orb of Destruction       Conj           37%        9d13      22%         7
 Ice Form                 Ice/Tmut       20%        N/A       34%         4
 Cause Fear               Hex            9%         N/A       38%         4
 Summon Lightning Spire   Summ/Air       18%        N/A       38%         4
 Conjure Ball Lightning   Conj/Air       26%        3x3d7     45%         6
 Starburst                Conj/Fire      26%        8x6d8     45%         6
 Hydra Form               Tmut           11%        N/A       63%         5
 Yara's Violent Unravell  Hex/Tmut       10%        3d6       69%         5
 Silence                  Hex/Air        9%         N/A       75%         5
 Freezing Cloud           Conj/Ice/Air   21%        6-21      75%         6
 Discord                  Hex            9%         N/A       100%        8
 Ignition                 Fire           9%         3d5       100%        8
 Tornado                  Air            9%         N/A       100%        9


Dungeon Overview and Level Annotations

Branches:
Dungeon (15/15)            Temple (1/1) D:6            Lair (6/6) D:8
  Swamp (4/4) Lair:3       Spider (0/4) Lair:4        Slime (0/5) Lair:5
    Orc (2/2) D:11            Elf (0/3) Orc:2        Vaults (0/5) D:13
 Depths (0/5) D:15          IceCv (visited)         Volcano (visited)

Altars:
Ashenzari
Cheibriados
Dithmenos
Elyvilon
Fedhas
Gozag
Hepliaklqana
Kikubaaqudgha
Makhleb
Nemelex Xobeh
Okawaru
Qazlal
Ru
Sif Muna
Trog
Uskayaw
Vehumet
Wu Jian
Xom
Yredelemnul
Zin
The Shining One
Beogh

Shops:
D:3 *   D:7 [   D:10 (   D:11 =   D:14 !   Orc:2 ([*=

Annotations:
D:10 1 runed translucent door, HilariousDeathArtist's ghost, journeyman TeBr
D:14 Roxanne
Lair:2 3 runed translucent doors, Hailok's ghost, journeyman MfGl


Innate Abilities, Weirdness & Mutations

You are resistant to damage.
You can heal yourself by infusing magical energy.
You resist negative energy. (rN+)
You passively map the area around you.
You do not regenerate.
You have a pair of small horns on your head.
Your flesh is cold resistant. (rC+)


Message History

The bunyip barely misses your rakshasa. The bunyip claws your rakshasa!! x2
Your rakshasa dies!
Your centaur is engulfed in dark miasma.
Your centaur looks even sicker.
Your centaur shoots an arrow.
The arrow hits the death drake.
Your neqoxec hits the death drake but does no damage.
Rageheart7's illusion points at the death drake and mumbles some strange words.
The iron shot hits the hornet!!!
The hornet dies!
The death drake no longer looks unusually strong.
Your +0 long sword of flaming hits the death drake.
Your +0 long sword of flaming burns the death drake.
Your centaur is engulfed in dark miasma.
Your centaur looks as sick as possible!
Your centaur dies!
Your centaur's corpse disappears in a puff of smoke!
You feel better.
Casting: Iron Shot (dangerous; 2% risk of failure)
Confirm with . or Enter, or press ? or * to list all spells.
Aiming: Iron Shot (dangerous; 2% risk of failure)
Press: ? - help, Shift-Dir - straight line, f/p - death drake
Aim: a death drake (heavily wounded, ally target, 36% to evade)
The iron shot hits the death drake!!
The death drake is almost dead.
Your +0 long sword of flaming hits the death drake!
Your +0 long sword of flaming burns the death drake.
The death drake breathes miasma at you. The foul vapour engulfs you!
* * * LOW HITPOINT WARNING * * *
The shambling mangrove misses rageheart7's illusion.
Your +0 long sword of flaming closely misses the death drake.
The death drake misses you.
Rageheart7's illusion gestures at the death drake while chanting.
The death drake struggles to resist.
The shambling mangrove completely misses rageheart7's illusion.
Your +0 long sword of flaming closely misses the death drake.
As you read the scroll of teleportation, it crumbles to dust.
You feel strangely unstable.
You are engulfed in dark miasma.
You die...
Your body glows with a rainbow of weird colours and disappears.

♣♣♣.≈≈..≈≈§≈.♣c♣♣.≈≈.
♣♣≈≈§≈≈≈≈f≈≈♣♣♣♣♣≈.)
♣♣♣♣.≈≈≈≈≈≈@≈≈♣♣ * ♣÷§k
♣♣≈).≈§≈≈≈§≈≈≈≈♣ ≈≈♣.≈
♣≈≈≈≈§≈≈≈≈≈≈y..♣≈≈≈≈♣≈≈♣
♣.≈≈≈§≈≈.Dx§♣♣≈♣♣≈≈≈ ♣≈.
♣.≈≈≈≈°3(§≈≈♣♣♣♣♣♣≈ *≈≈≈
♣♣<≈≈≈°§k§.♣♣ ♣ **≈≈≈
♣≈≈≈≈≈°@°.≈♣♣ * ≈ ..♣
♣.≈≈♣♣°°§°≈≈♣ * , ≈
♣♣♣≈♣♣.≈≈≈≈≈♣♣ ≈ ,
♣≈≈≈§≈≈≈≈≈≈.♣ , ,≈
♣.≈..♣♣≈≈≈≈.♣ ,
♣...≈♣♣.....♣♣♣ *
♣♣..♣♣♣♣♣♣....≈♣♣ , ≈
♣.≈.♣ ♣♣≈§≈≈≈..♣ * ≈
♣♣≈≈♣ ♣..≈≈≈≈≈.♣* *,


You could see a shambling mangrove, a bunyip, a death drake (catching breath,
ally target), a swamp dragon, a hornet, a friendly neqoxec (summoned), a
friendly +0 long sword of flaming (summoned) and the friendly rageheart7's
illusion (summoned, slow).

Vanquished Creatures
  Saint Roka (Orc:2)
  Jorgrun (D:13)
  Rupert (D:13)
  Gastronok (D:8)
  A tengu reaver (D:14)
  A thorn hunter (Swamp:3)
  Donald (Swamp:2)
  A fenstrider witch (Swamp:2)
  A vampire knight (D:14)
  2 bunyips
  A blizzard demon (Swamp:4)
  An eleionoma (Swamp:3)
  3 fire dragons
  An ettin (Orc:1)
  A shambling mangrove (Swamp:2)
  2 ice dragons
  A spriggan air mage (Swamp:1)
  8 vault guards (D:13)
  21 hydras
  Fannar (D:10)
  4 boulder beetles
  A ghost crab (Swamp:1)
  Erolcha (D:13)
  8 centaur warriors
  3 death yaks (Lair:3)
  3 two-headed ogres
  5 alligators
  2 hell hogs
  2 tengu warriors (D:15)
  An orc high priest (Orc:2)
  A deep troll earth mage (D:14)
  A fire crab (Volcano)
  Sonja (Lair:4)
  Nergalle (Orc:1)
  A deep troll (shapeshifter) (D:14)
  A glowing orange brain (D:14)
  2 spriggan druids
  A swamp dragon (shapeshifter) (D:14)
  5 goliath frogs
  2 death drakes
  4 bog bodies
  2 wizards
  5 swamp dragons
  A harpy (Lair:6)
  4 orc knights (Orc:2)
  A deep elf zephyrmancer (Swamp:4)
  5 ugly things
  A wolf spider (D:15)
  4 lindwurms (D:13)
  3 deep elf pyromancers
  2 orc sorcerers (Orc:2)
  3 cyclopes
  3 will-o-the-wisps
  3 manticores
  3 oklob plants (Lair:3)
  2 ice statues (IceCv)
  5 elephants (Lair:6)
  Maurice (D:8)
  6 black mambas
  A gargoyle (D:10)
  2 orange demons (Swamp:4)
  A guardian serpent (Lair:4)
  14 cane toads
  A torpor snail (Lair:5)
  A cane toad (shapeshifter) (D:14)
  2 kobold demonologists (D:13)
  4 rime drakes
  3 komodo dragons
  An efreet (D:14)
  5 trolls
  9 polar bears (Lair:6)
  6 hornets
  A queen bee (D:10)
  A meliai (D:10)
  A bloated husk (Swamp:3)
  7 tyrant leeches
  A blink frog (shapeshifter) (D:14)
  A raiju (Lair:6)
  7 slime creatures
  12 dream sheep (Lair:4)
  A redback (Lair:4)
  4 wyverns
  4 spriggans (Swamp:1)
  2 wraiths
  32 yaks
  A vampire (D:13)
  4 basilisks
  13 fire bats
  A chaos spawn (Swamp:4)
  3 steam dragons
  9 vampire mosquitoes
  10 wargs
  13 swamp worms
  7 acid dragons
  19 water moccasins
  8 swamp drakes
  18 hell hounds
  20 orc warriors
  2 hornet zombies (D:6)
  An ice beast (shapeshifter) (D:14)
  15 ice beasts
  13 black bears
  A sky beast (D:7)
  17 ogres
  A tengu (D:12)
  5 centaurs
  27 wolves
  15 bullfrogs
  A gnoll sergeant (Orc:2)
  3 kobold brigands
  2 scorpions
  A water moccasin skeleton (D:7)
  8 wights
  25 killer bees (D:10)
  4 electric eels
  7 howler monkeys
  3 centaur zombies
  6 lava snakes (Volcano)
  A bullfrog zombie (D:3)
  3 hounds
  13 orc priests
  2 centaur skeletons
  6 jellies
  A bullfrog skeleton (D:4)
  8 iguanas
  27 orc wizards
  4 hell rats (Lair:5)
  A hound zombie (D:4)
  5 gnolls
  A howler monkey skeleton (D:7)
  18 adders
  A shadow imp (D:7)
  2 white imps
  An adder skeleton (D:4)
  4 worms
  A dart slug (D:4)
  56 orcs
  13 ball pythons
  6 bats
  11 endoplasms
  3 giant cockroaches
  7 goblins
  14 hobgoblins
  17 jackals
  3 quokkas
  4 frilled lizards
  25 kobolds
  10 rats
  A butterfly (Lair:3)
  2 fire vortices (Lair:1)
833 creatures vanquished.

Vanquished Creatures (collateral kills)
  The ghost of Grognak the Peltast, a journeyman MiFi of Okawaru (Swamp:4)
  2 bunyips
  An eleionoma (Swamp:1)
  2 ghost crabs (Swamp:4)
  An ogre mage (Swamp:4)
  A goliath frog (Swamp:4)
  A bog body (Swamp:4)
  A swamp dragon (Swamp:4)
  A cyclops (D:14)
  A torpor snail (Orc:2)
  Maggie (D:9)
  A hornet (Swamp:4)
  A tyrant leech (Swamp:4)
  A vampire mosquito (Swamp:4)
  A steam dragon (Orc:2)
  A swamp worm (Swamp:2)
  An ogre (Orc:2)
  3 orc warriors (Orc:2)
  A centaur (Orc:2)
  A wolf (Orc:2)
  A scorpion (Orc:2)
  2 orc priests (Orc:2)
  4 orcs (Orc:2)
  A ball python (Orc:2)
  A kobold (D:9)
33 creatures vanquished.

Vanquished Creatures (others)
  A bunyip (Swamp:1)
  An alligator (Swamp:3)
  An elephant (Lair:6)
  2 bloated husks (Swamp:1)
  An orc (Orc:2)
  A kobold (D:9)
  A butterfly (Lair:1)
  A fire vortex (Lair:1)
  20 foxfires
  36 fungi
  154 plants
219 creatures vanquished.

Grand Total: 1085 creatures vanquished

Notes
Turn   | Place    | Note
-------+----------+-------------------------------------------
     0 | D:1      | rageheart7 the Deep Dwarf Earth Elementalist began the
                  | quest for the Orb.
     0 | D:1      | Reached XP level 1. HP: 15/15 MP: 3/3
   249 | D:1      | Reached XP level 2. HP: 18/24 MP: 1/5
   481 | D:1      | Reached skill level 1 in Fighting
   527 | D:1      | Reached XP level 3. HP: 22/31 MP: 0/6
   543 | D:1      | Reached skill level 5 in Earth Magic
  1175 | D:2      | Learned a level 3 spell: Stone Arrow
  1443 | D:2      | Reached XP level 4. HP: 20/38 MP: 7/7
  1578 | D:2      | Learned a level 1 spell: Magic Dart
  2296 | D:3      | Reached skill level 1 in Conjurations
  2296 | D:3      | Reached XP level 5. HP: 38/45 MP: 1/8
  2802 | D:3      | Found Hyryifu's Assorted Antiques.
  2901 | D:4      | Noticed an orc warrior
  3432 | D:4      | Found an opulent altar of Gozag.
  3436 | D:4      | Found a broken altar of Ashenzari.
  3437 | D:4      | Found a shimmering altar of Xom.
  3575 | D:4      | Reached XP level 6. HP: 41/52 MP: 6/10
  4090 | D:4      | Killed an orc warrior
  4412 | D:4      | Reached XP level 7. HP: 59/61 MP: 1/12
  4843 | D:5      | Entered Level 5 of the Dungeon
  5616 | D:6      | Noticed a wyvern
  5624 | D:6      | Reached XP level 8. HP: 50/69 MP: 3/12
  5728 | D:6      | Identified the Catalogue of Glacial Enchantment
  5736 | D:6      | Found a shimmering blue altar of Sif Muna.
  5856 | D:6      | Found a staircase to the Ecumenical Temple.
  5873 | D:6      | Learned a level 5 spell: Lee's Rapid Deconstruction
  5878 | D:6      | Learned a level 4 spell: Petrify
  6778 | D:6      | Reached skill level 10 in Earth Magic
  7010 | Temple   | Entered the Ecumenical Temple
  7185 | Temple   | Became a worshipper of Nemelex Xobeh the Trickster
  7235 | D:7      | Found a shadowy altar of Dithmenos.
  7606 | D:7      | Gained mutation: You passively map the area around you.
                  | [Deep Dwarf growth]
  7606 | D:7      | Reached XP level 9. HP: 63/79 MP: 4/15
  8062 | D:7      | Found Waumoxit's Antique Armour Boutique.
  8147 | D:7      | Found a shimmering blue altar of Sif Muna.
  8190 | D:7      | Reached * piety under Nemelex Xobeh
  8412 | D:7      | Received a gift from Nemelex Xobeh
  8815 | D:7      | Found a glowing golden altar of the Shining One.
  9071 | D:8      | Reached skill level 5 in Spellcasting
  9071 | D:8      | Reached skill level 1 in Invocations
  9127 | D:8      | Reached skill level 5 in Fighting
  9264 | D:8      | Noticed Maurice
  9271 | D:8      | Killed Maurice
  9272 | D:8      | Reached skill level 5 in Conjurations
  9404 | D:8      | Found an iron altar of Okawaru.
  9404 | D:8      | Noticed a troll
  9407 | D:8      | Killed a troll
  9527 | D:8      | Received a gift from Nemelex Xobeh
  9652 | D:8      | Reached skill level 5 in Invocations
  9678 | D:8      | Reached ** piety under Nemelex Xobeh
 10017 | D:8      | Found a staircase to the Lair.
 10162 | D:8      | Noticed Gastronok
 10250 | D:8      | Killed Gastronok
 10251 | D:8      | Reached XP level 10. HP: 31/88 MP: 0/18
 11057 | D:9      | Noticed Maggie
 11068 | D:9      | Killed Maggie
 11358 | D:9      | Gained mutation: You have a pair of small horns on your
                  | head. [potion of mutation]
 11358 | D:9      | Gained mutation: Your flesh is cold resistant. (rC+)
                  | [potion of mutation]
 11368 | D:10     | Entered Level 10 of the Dungeon
 11368 | D:10     | Found Lutacyur's Weapon Emporium.
 11370 | D:10     | Bought the +1 dagger of Annihilation {flame, rElec rN+++
                  | Int+7 SInv} for 687 gold pieces
 11416 | D:10     | Noticed a gargoyle
 11419 | D:10     | Killed a gargoyle
 11420 | D:10     | Reached skill level 10 in Invocations
 11594 | D:10     | Reached XP level 11. HP: 71/94 MP: 0/19
 11780 | D:10     | Identified the +7 rapier of Ru's Anger {elec, rElec rPois
                  | rF+ Str+4}
 11868 | D:10     | Noticed a two-headed ogre
 11879 | D:10     | Killed a two-headed ogre
 11880 | D:10     | Reached skill level 1 in Armour
 11972 | D:10     | Found a runed translucent door.
 11977 | D:10     | Reached *** piety under Nemelex Xobeh
 11982 | D:10     | Noticed a wolf spider
 12114 | D:10     | Received a gift from Nemelex Xobeh
 12136 | D:10     | Noticed HilariousDeathArtist's ghost (journeyman TeBr)
 12139 | D:10     | Found a transporter.
 12141 | D:10     | Found a transporter.
 12248 | D:10     | Noticed a wizard
 12401 | D:10     | Noticed Fannar
 13207 | D:10     | Killed a wizard
 13848 | D:10     | Killed Fannar
 13849 | D:10     | Reached skill level 5 in Dodging
 14022 | D:11     | Found a staircase to the Orcish Mines.
 14267 | D:11     | Found Qiveohua's Jewellery Boutique.
 14367 | D:11     | Received a gift from Nemelex Xobeh
 14791 | D:12     | Noticed a boulder beetle
 14806 | D:12     | Killed a boulder beetle
 14807 | D:12     | Reached skill level 5 in Armour
 14972 | D:12     | Noticed a six-headed hydra
 14973 | D:12     | Reached **** piety under Nemelex Xobeh
 14977 | D:12     | Killed a six-headed hydra
 14986 | D:12     | Noticed a deep elf pyromancer
 14989 | D:12     | Noticed a brown ugly thing
 14993 | D:12     | Killed a deep elf pyromancer
 14994 | D:12     | Reached XP level 12. HP: 68/106 MP: 3/19
 15028 | D:12     | Found a frozen archway.
 15059 | IceCv    | Entered an ice cave
 15754 | IceCv    | Noticed an ice dragon
 15754 | IceCv    | Noticed an ice dragon
 15756 | IceCv    | Banished an ice dragon
 15779 | IceCv    | Killed an ice dragon
 15905 | IceCv    | Identified the amulet of Inolil {Faith rElec rF+}
 16170 | D:12     | Noticed an eight-headed hydra
 16175 | D:12     | Killed an eight-headed hydra
 17083 | D:3      | Bought a potion of heal wounds for 135 gold pieces
 17083 | D:3      | Bought a scroll of blinking for 202 gold pieces
 17083 | D:3      | Bought a scroll labelled EQEUSTOOBU for 27 gold pieces
 17180 | Lair:1   | Entered Level 1 of the Lair of Beasts
 17292 | Lair:1   | Received a gift from Nemelex Xobeh
 18126 | Lair:1   | Received a gift from Nemelex Xobeh
 18368 | Lair:1   | Received a gift from Nemelex Xobeh
 18377 | Lair:1   | Noticed a six-headed hydra
 18389 | Lair:1   | Killed a six-headed hydra
 18498 | Lair:1   | Reached ***** piety under Nemelex Xobeh
 18729 | Lair:2   | Noticed an eight-headed hydra
 18733 | Lair:2   | Killed an eight-headed hydra
 18839 | Lair:2   | Noticed a four-headed hydra
 18846 | Lair:2   | Killed a four-headed hydra
 18847 | Lair:2   | Reached XP level 13. HP: 94/118 MP: 2/19
 19038 | Lair:2   | Received a gift from Nemelex Xobeh
 19511 | Lair:2   | Found a runed translucent gate.
 19511 | Lair:2   | Found a runed translucent gate.
 19511 | Lair:2   | Found a runed translucent gate.
 19717 | Lair:2   | Noticed Hailok's ghost (journeyman MfGl)
 19814 | Lair:2   | Identified the +10 halberd of Painful Death {vorpal, Will+}
 19831 | Lair:2   | Received a gift from Nemelex Xobeh
 19962 | Lair:2   | Identified 2 scrolls of acquirement
 19962 | Lair:2   | Acquired a +2 kite shield of fire resistance
 19964 | Lair:2   | Acquired the Guide on Attacks
 19973 | Lair:2   | Learned a level 6 spell: Iron Shot
 19978 | Lair:2   | Learned a level 4 spell: Iskenderun's Mystic Blast
 20733 | Lair:3   | Found a staircase to the Swamp.
 20847 | Lair:3   | Received a gift from Nemelex Xobeh
 21409 | Lair:3   | Received a gift from Nemelex Xobeh
 21788 | Lair:3   | Identified the +9 ring mail of Undesirable Species {Int+2}
 21885 | Lair:4   | Found a dark tunnel.
 21895 | Volcano  | Entered a volcano
 22586 | Volcano  | Found a radiant altar of Vehumet.
 22644 | Volcano  | Found a burning altar of Makhleb.
 22689 | Lair:4   | Received a gift from Nemelex Xobeh
 22855 | Lair:4   | Found a hole to the Spider Nest.
 23676 | Lair:4   | Reached ****** piety under Nemelex Xobeh
 23797 | Lair:4   | Received a gift from Nemelex Xobeh
 24014 | Lair:4   | Noticed Sonja
 24028 | Lair:4   | Killed Sonja
 24758 | Lair:5   | Found a staircase to the Slime Pits.
 24827 | Lair:5   | Received a gift from Nemelex Xobeh
 24955 | Lair:5   | Gained mutation: You resist negative energy. (rN+) [Deep
                  | Dwarf growth]
 24955 | Lair:5   | Reached XP level 14. HP: 65/129 MP: 0/19
 25313 | Lair:5   | Reached skill level 10 in Dodging
 25618 | Lair:5   | Received a gift from Nemelex Xobeh
 26052 | Lair:6   | Entered Level 6 of the Lair of Beasts
 27256 | Lair:6   | Received a gift from Nemelex Xobeh
 27417 | Lair:6   | Reached skill level 10 in Armour
 27733 | Lair:6   | Received a gift from Nemelex Xobeh
 27763 | Lair:6   | Reached skill level 10 in Fighting
 28323 | Lair:6   | Received a gift from Nemelex Xobeh
 30435 | D:13     | Noticed Rupert
 30820 | D:13     | Killed Rupert
 30821 | D:13     | Reached skill level 10 in Spellcasting
 30896 | D:13     | Noticed Erolcha
 30899 | D:13     | Killed Erolcha
 31136 | D:13     | Received a gift from Nemelex Xobeh
 31660 | D:13     | Reached skill level 10 in Conjurations
 31660 | D:13     | Reached XP level 15. HP: 108/138 MP: 1/22
 32254 | D:13     | Found a gate to the Vaults.
 32323 | D:13     | Noticed Jorgrun
 32332 | D:13     | Killed Jorgrun
 32566 | D:13     | Received a gift from Nemelex Xobeh
 33088 | D:14     | Noticed Roxanne
 33161 | D:14     | Found Doirraur's Distillery.
 33657 | D:14     | Noticed a ghost moth
 33658 | D:14     | a ghost moth changed into a shapeshifter
 33731 | D:14     | Received a gift from Nemelex Xobeh
 33731 | D:14     | Noticed a tengu reaver
 33807 | D:14     | Identified the ring "Taxeele" {+Fly Will- Dex+5}
 33861 | D:14     | Killed a tengu reaver
 34932 | D:15     | Entered Level 15 of the Dungeon
 34971 | D:15     | Received a gift from Nemelex Xobeh
 35261 | Orc:1    | Entered Level 1 of the Orcish Mines
 35414 | Orc:1    | Noticed Nergalle
 35419 | Orc:1    | Killed Nergalle
 36034 | Orc:1    | Received a gift from Nemelex Xobeh
 36175 | Orc:2    | Entered Level 2 of the Orcish Mines
 36176 | Orc:2    | Noticed Saint Roka
 36176 | Orc:2    | Noticed Urug
 36180 | Orc:2    | Noticed Urug
 36180 | Orc:2    | Urug changed into Urug the torpor snail
 36183 | Orc:2    | Killed Urug the torpor snail
 37750 | Orc:2    | Killed Saint Roka
 37751 | Orc:2    | Reached skill level 15 in Earth Magic
 37751 | Orc:2    | Reached skill level 15 in Invocations
 37751 | Orc:2    | Reached XP level 16. HP: 83/146 MP: 2/22
 37901 | Orc:2    | Found Juzofral's Jewellery Shop.
 37918 | Orc:2    | Found Iweupu Suut's Antique Armour Shop.
 38202 | Orc:2    | Found Caur's General Store.
 38215 | Orc:2    | Found Cehuhir's Antique Weapon Shop.
 38235 | Orc:2    | Received a gift from Nemelex Xobeh
 38420 | Orc:2    | Found a staircase to the Elven Halls.
 38974 | Orc:2    | Identified the Disquisition on Attacks
 39151 | Orc:2    | Bought the ring of Thoughtfulness {+Blink rN+ Int+6} for
                  | 1227 gold pieces
 39151 | Orc:2    | Bought the ring "Cuamam" {rElec MP+9 EV+4} for 1102 gold
                  | pieces
 39191 | Orc:2    | Upgraded the game from 0.27-a0-836-gfc908b8576 to
                  | 0.27-a0-860-gaf99fae3ca
 39310 | D:15     | Received a gift from Nemelex Xobeh
 39431 | D:15     | Reached skill level 1 in Shields
 39731 | D:15     | Received a gift from Nemelex Xobeh
 39998 | D:15     | Received a gift from Nemelex Xobeh
 40568 | D:15     | Found a glowing golden altar of the Shining One.
 40697 | D:15     | Found a staircase to the Depths.
 41084 | Swamp:1  | Entered Level 1 of the Swamp
 42833 | Swamp:2  | Received a gift from Nemelex Xobeh
 42834 | Swamp:2  | Noticed Donald
 42841 | Swamp:2  | Killed Donald
 43664 | Swamp:2  | Received a gift from Nemelex Xobeh
 43749 | Swamp:3  | Reached skill level 5 in Shields
 43757 | Swamp:3  | Noticed a thorn hunter
 43764 | Swamp:3  | Killed a thorn hunter
 44207 | Swamp:3  | Found a runed translucent gate.
 44207 | Swamp:3  | Found a runed translucent gate.
 44208 | Swamp:3  | Noticed Grognak's ghost (journeyman MiFi)
 45052 | Swamp:3  | Found a runed translucent gate.
 45095 | Swamp:3  | Received a gift from Nemelex Xobeh
 45383 | Swamp:4  | Entered Level 4 of the Swamp
 45398 | Swamp:4  | Killed Grognak's ghost
 45720 | Swamp:4  | Identified the +0 long sword of Noklukeh {vorpal, +Inv rF-
                  | rN+}
 46155 | Swamp:4  | Reached XP level 17. HP: 129/157 MP: 13/14
 46267 | Swamp:4  | HP: 5/157 [death drake/foul vapour (14)]
 46268 | Swamp:4  | Engulfed by a death drake's foul pestilence

Illustrated notes

Levels and vault maps discovered:
D:1:      minmay_arrival_three_doors, layout_basic
D:2:      layout_basic, minmay_unequal
D:3:      layout_rooms, serial_shops, shop
D:4:      minmay_razor_zed, layout_cave_pools, minitemple, minmay_cut_off
D:5:      layout_loops_ring
D:6:      layout_layer_cave, minmay_temple_entry_butterflies, basic_altar
D:7:      layout_layer_cave, lemuel_crystal_altar, lemuel_round_altar,
          kennysheep_mini, serial_shops, nicolae_shop_trees
D:8:      layout_basic, lair_entry_dummy, okawaru_trees_1, uniq_maurice,
          uniq_gastronok
D:9:      layout_long_grid, uniq_maggie
D:10:     layout_basic, serial_shops, shop, nzn_ghost_randoct, special_room
          [special_room_bee], chequers_decorated_corner,
          minmay_misc_feat_more_columns, wad_hexagon, uniq_fannar
D:11:     layout_loops_ring, orc_0_dummy, serial_shops, shop
D:12:     layout_basic, portal_ice_cave_rime
D:13:     layout_irregular_city, erik_vaults_2, minmay_lindwurm_lava,
          uniq_erolcha, uniq_rupert, uniq_jorgrun
D:14:     evilmike_diamond_1, layout_loops_ring, serial_shops, shop,
          serial_aquarium, aquarium_bridge_long_separate
          [aquarium_subvault_balcony, aquarium_subvault_bridge,
          aquarium_subvault_bridge, aquarium_subvault_bridge,
          aquarium_subvault_window, aquarium_subvault_window],
          aquarium_window_corner, aquarium_window_1, aquarium_window_fake,
          aquarium_window_corridor_1, aquarium_view_2g, aquarium_pool_2,
          hangedman_decor_clover_reticule, uniq_roxanne
D:15:     grunt_enter_depths_hoard, layout_gridville, tso_altar
Temple:   regret_index_temple_sphere_string
Lair:1:   layout_gridlike, lemuel_fruit_fields, serial_bayou_shore_a
Lair:2:   layout_regular_city, gammafunk_ghost_icy
Lair:3:   layout_layer_cave, minmay_swamp_entry_eels, lemuel_fruit_fields,
          grunt_megastairs_3, minmay_lair_oklob_chamber
Lair:4:   layout_long_grid, spider_nest_entry_rubble,
          nicolae_volcano_entry_lava_flow, uniq_sonja
Lair:5:   layout_hall_layers, nicolae_slime_entry_slimehenge, serial_forest,
          infiniplex_forest_end_2, infiniplex_forest_straight_5,
          infiniplex_forest_clump_diagonal, infiniplex_forest_straight_5,
          infiniplex_forest_clump_long, infiniplex_forest_end_double,
          infiniplex_forest_clump_long, st_stairs_3
Lair:6:   hangedman_lair_caniforms_friends, layout_cave_shapes,
          guppyfry_lair_end_dragon
Swamp:1:  layout_basic_swamp, evilmike_swamp_ruin_wall
Swamp:2:  layout_basic_swamp, nicolae_swamp_little_swirl, uniq_donald
Swamp:3:  layout_basic_swamp, ebering_ghost_rock_garden,
          nicolae_swamp_tree_isthmus, swamp_pool2
Swamp:4:  nzn_swamp_witches_coven, layout_basic_swamp, swamp_pool5,
          beargit_elvish_explorers
Orc:1:    lemuel_ogre_cave, layout_diamond_mine, basic_altar, uniq_nergalle
Orc:2:    grunt_orc_cross, layout_caves, nooodl_orcs_dogs

Skill      XL: |  1  2  3  4  5  6  7  8  9 10 11 12 13 14 15 16 |
---------------+-------------------------------------------------+-----
Spellcasting   | 2 3 4 6 7 8 10 11 12 | 12.1
Fighting       | 1 2 3 4 5 6 8 9 10 11 | 11.2
Earth Magic    | 5 6 7 8 10 12 13 15 | 15.1
Conjurations   | 1 2 3 4 6 7 8 10 11 12 | 12.4
Invocations    | 8 10 12 13 15 | 15.1
Armour         | 5 8 9 10 | 10.0
Dodging        | 5 8 9 10 | 10.0
Shields        | 6 |  6.4
Stealth        | |  2.4
Transmutations | |  0.8

Action                   |  1- 3 |  4- 6 |  7- 9 | 10-12 | 13-15 | 16-18 || total
-------------------------+-------+-------+-------+-------+-------+-------++-------
Melee: Staff             |    59 |    68 |       |       |       |       ||   127
       Whip              |       |     6 |    70 |       |       |       ||    76
       Mace              |       |       |    16 |     2 |       |       ||    18
       Dagger            |       |       |       |   101 |    98 |     8 ||   207
       Headbutt          |       |       |       |    20 |    26 |    25 ||    71
       Rapier            |       |       |       |       |       |    95 ||    95
 Cast: Sandblast         |    32 |    61 |    54 |    89 |   198 |    65 ||   499
       Stone Arrow       |     4 |    29 |    72 |   133 |   308 |   126 ||   672
       Lee's Rapid Decon |       |       |     3 |    31 |    52 |     9 ||    95
       Magic Dart        |       |       |     1 |       |       |       ||     1
       Petrify           |       |       |       |     4 |     6 |     2 ||    12
       Iskenderun's Myst |       |       |       |       |    14 |     2 ||    16
       Iron Shot         |       |       |       |       |    89 |    80 ||   169
Invok: Draw Destruction  |       |       |     3 |     9 |    71 |    27 ||   110
       Draw Escape       |       |       |     1 |     3 |    20 |    16 ||    40
       Draw Summoning    |       |       |       |     5 |     4 |     7 ||    16
       Deal Four         |       |       |       |       |     4 |     2 ||     6
       Draw Stack        |       |       |       |       |     5 |       ||     5
       Stack Five        |       |       |       |       |     1 |       ||     1
 Abil: Heal Wounds       |       |     2 |     4 |    16 |    17 |    22 ||    61
Evoke: Wand              |       |       |       |       |    11 |    21 ||    32
  Use: Scroll            |       |     7 |     8 |     7 |    12 |    10 ||    44
       Potion            |       |       |     2 |    14 |    18 |     5 ||    39
 Stab: Sleeping          |     3 |     4 |     2 |       |       |     1 ||    10
       Petrified         |       |       |       |     4 |       |       ||     4
       Distracted        |       |       |       |       |       |     1 ||     1
Armor: Robe              |    18 |    28 |    29 |     3 |       |       ||    78
       Swamp dragon scal |       |       |       |   123 |    23 |       ||   146
       Ring mail         |       |       |       |       |   247 |   111 ||   358
Dodge: Dodged            |    53 |    88 |    59 |   161 |   339 |   195 ||   895
Block: Other             |       |       |     4 |    54 |       |       ||    58
       Reflection        |       |       |       |     4 |       |       ||     4

Table legend: (Time is in decaauts)
 A = Elapsed time spent in this place.
 B = Non-inter-level travel time spent in this place.
 C = Inter-level travel time spent in this place.
 D = Time resting spent in this place.
 E = Time spent auto-exploring this place.
 F = Levels seen in this place.
 G = Mean time per level.
                   A        B        C        D        E       F      G
               +--------+--------+--------+--------+--------+-----+--------+
         Total |  46685 |  44396 |   2289 |   1179 |  36746 |  30 | 1556.2 |
       Dungeon |  22695 |  21069 |   1626 |    258 |  17570 |  15 | 1513.0 |
        Temple |    200 |    156 |     44 |      0 |    154 |   1 |  200.0 |
          Lair |  12530 |  12071 |    459 |    474 |  10230 |   6 | 2088.3 |
         Swamp |   5458 |   5378 |     80 |    357 |   4160 |   4 | 1364.5 |
  Orcish Mines |   3962 |   3883 |     79 |     90 |   3183 |   2 | 1981.0 |
      Ice Cave |   1068 |   1068 |      0 |      0 |    871 |   1 | 1068.0 |
       Volcano |    768 |    768 |      0 |      0 |    577 |   1 |  768.0 |
               +--------+--------+--------+--------+--------+-----+--------+

Top non-repeatable levels by time:
  Lair:6: 3970 daAuts
   Orc:2: 2712 daAuts
    D:13: 2625 daAuts
    D:10: 2596 daAuts
  Lair:4: 1975 daAuts
    D:14: 1923 daAuts
  Lair:3: 1902 daAuts
     D:7: 1845 daAuts
  Lair:5: 1695 daAuts
  Lair:1: 1646 daAuts
 Swamp:2: 1642 daAuts
 Swamp:3: 1609 daAuts
 Swamp:1: 1584 daAuts
    D:15: 1578 daAuts
     D:8: 1489 daAuts
